 Dungeon Crawl Stone Soup version 0.31-a0-232-gb1c03b2570 (webtiles) character file.

Game seed: 15064083477249336146

377 qw the Shooter (level 6, -1/39 HPs)
             Began as a Gargoyle Hexslinger on July 7, 2023.
             Was a Follower of Okawaru.
             Shot with an arrow by a centaur (5 damage)
             ... on level 5 of the Dungeon.
             The game lasted 00:01:18 (3713 turns).

qw the Shooter (Gargoyle Hexslinger)                Turns: 3713, Time: 00:01:19

Health: -1/39      AC: 11    Str: 11    XL:     6   Next: 73%
Magic:  7/7        EV: 10    Int: 14    God:    Okawaru [*.....]
Gold:   220        SH:  0    Dex: 14    Spells: 6/7 levels left

rFire   + . .        Y - +2 sling
rCold   . . .        (no shield)
rNeg    + . .        d - +0 ring mail
rPois   inf          g - +2 hat
rElec   +            (no cloak)
rCorr   .            (no gloves)
SInv    .            (no boots)
Will    ++...        (no amulet)
Stlth   +            f - ring of willpower
HPRegen 0.26/turn    c - ring of protection from fire
MPRegen 0.10/turn

%: no passive effects
@: about to teleport
A: sickness immunity, AC +4, negative energy resistance 1, electricity
resistance, torment resistance 1, petrification resistance, strong-willed 1,
sense surroundings 1
a: Renounce Religion, Heroism


You were on level 5 of the Dungeon.
You worshipped Okawaru.
Okawaru was aware of your devotion.
You visited 2 branches of the dungeon, and saw 6 of its levels.

You collected 220 gold pieces.


Innate Abilities, Weirdness & Mutations

You are immune to sickness and miasma.
Your stone body is resilient. (AC +4)
You are immune to poison.
You resist negative energy. (rN+)
You are resistant to electric shocks. (rElec)
You are resistant to unholy torment.
You are immune to petrification.
You are strong-willed. (Will+)
You passively map a small area around you.


   Skills:
 - Level 4.3 Fighting
 + Level 5.3 Ranged Weapons
 - Level 1.8 Armour
 - Level 1.5 Dodging
 - Level 1.0 Spellcasting
 - Level 2.6 Hexes


You had 6 spell levels left.
You knew the following spells:

 Your Spells              Type           Power      Damage    Failure   Level
a - Slow                  Hex            32%        N/A       21%         1

Your spell library contained the following spells:

 Spells                   Type           Power      Damage    Failure   Level
 Inner Flame              Hex/Fire       4%         N/A       71%         3
 Portal Projectile        Hex/Tloc       8%         N/A       71%         3
 Cause Fear               Hex            4%         N/A       90%         4

Inventory:

Hand Weapons
 Y - a +2 sling (weapon)
Armour
 d - a +0 ring mail (worn)
 g - a +2 hat (worn)
Jewellery
 c - a ring of protection from fire (right hand)
 f - a ring of willpower (left hand)
Scrolls
 a - 2 scrolls of teleportation
 h - a scroll of identify
Potions
 b - a potion of mutation
 e - a potion of haste {unknown}

Dungeon Overview and Level Annotations

Branches:
Dungeon (5/15)             Temple (1/1) D:4

Altars:
Ashenzari
Cheibriados
Dithmenos
Elyvilon
Fedhas
Gozag
Hepliaklqana
Kikubaaqudgha
Makhleb
Nemelex Xobeh
Okawaru
Qazlal
Ru
Sif Muna
Trog
Uskayaw
Vehumet
Wu Jian
Xom
Yredelemnul
The Shining One

Shops:
D:1 [


Message History

The arrow hits you.
You shoot a sling bullet. The sling bullet hits the ogre.
The ogre is lightly wounded.
You shoot a sling bullet. The sling bullet hits the ogre!
The ogre is moderately wounded.
You shoot a sling bullet. The sling bullet hits the ogre.
The ogre is heavily wounded.
The centaur shoots an arrow.
The arrow hits you but does no damage.
You shoot a sling bullet.
The sling bullet barely misses the ogre.
You shoot a sling bullet. The sling bullet hits the ogre.
The ogre is severely wounded.
The ogre barely misses you.
You shoot a sling bullet.
The sling bullet barely misses the ogre.
The sling bullet hits the centaur!
The centaur is moderately wounded.
The ogre hits you with a +0 giant club!
You shoot a sling bullet.
The sling bullet hits the ogre but does no damage.
The ogre is severely wounded.
The ogre misses you.
You shoot a sling bullet.
The sling bullet barely misses the ogre.
The sling bullet hits the centaur.
The centaur is moderately wounded.
The ogre hits you with a +0 giant club!!
Ouch! That really hurt!
3711 ||| READING 3 scrolls of teleportation.
As you read the scroll of teleportation, it crumbles to dust.
You feel strangely unstable.
You shoot a sling bullet. The sling bullet hits the ogre!
The ogre is almost dead.
The ogre misses you.
You shoot a sling bullet. The sling bullet hits the ogre!
You kill the ogre!
Okawaru is honoured by your kill.
You can now gain great but temporary skills.
The centaur shoots an arrow.
The arrow hits you.
You die...

######## #......#
##########.####.##
.....%.....#.....#
.###.##.##.#.##..#
#.##.##.#.##..# ,
#.##.........@# *
#.#####.#.###)#
#.#####.### #c#*
##..)...(#* *?..
#......... ...
#.......## ....#
#.......# .####
#<......# ,.. ,
#.......#* *


You could see a centaur.

Vanquished Creatures
  Menkaure (D:4)
  An ogre (D:5)
  2 hounds
  A sleepcap (D:4)
  3 orc wizards
  4 adders (D:2)
  A dart slug (D:1)
  11 orcs
  3 ball pythons
  3 endoplasms
  2 giant cockroaches
  2 hobgoblins
  4 bats
  3 frilled lizards
  9 goblins
  3 kobolds
  4 rats
57 creatures vanquished.

Notes
Turn   | Place    | Note
-------+----------+-------------------------------------------
     0 | D:1      | qw the Gargoyle Hexslinger began the quest for the Orb.
     0 | D:1      | Reached XP level 1. HP: 12/12 MP: 2/2
     0 | D:1      | 0 ||| qw: Version: 0.3-a-46-gb1f654a
     0 | D:1      | 0 ||| qw: Game counter: 2822
     0 | D:1      | 0 ||| qw: Melee chars always use a shield: true
     0 | D:1      | 0 ||| qw: God list: Okawaru
     0 | D:1      | 0 ||| qw: Allow faded altars: false
     0 | D:1      | 0 ||| qw: Do Orc after clearing Dungeon:15 true
     0 | D:1      | 0 ||| qw: Do second Lair branch before Depths: true
     0 | D:1      | 0 ||| qw: Lair rune preference: random
     0 | D:1      | 0 ||| qw: Goals: Normal
     0 | D:1      | 0 ||| PLANNING D:1-11
   157 | D:1      | Reached XP level 2. HP: 16/16 MP: 3/3
   452 | D:1      | Found Veinlinn's Antique Armour Emporium.
   879 | D:1      | 879 ||| UPGRADING to +0 ring mail.
   889 | D:1      | 889 ||| DROPPING +0 robe.
   890 | D:1      | 890 ||| READING 3 scrolls labelled BANUPN RUECSI.
   895 | D:1      | 895 ||| READING scroll labelled KYTEYX AMUO.
   896 | D:1      | 896 ||| READING scroll labelled PAJO ETZARPHOSS.
   897 | D:1      | 897 ||| DRINKING 2 fizzy white potions.
   898 | D:1      | 898 ||| DROPPING scroll of poison.
   899 | D:1      | 899 ||| DROPPING potion of attraction.
   929 | D:2      | Reached skill level 3 in Ranged Weapons
   974 | D:2      | Reached XP level 3. HP: 20/21 MP: 4/4
  1058 | D:2      | 1058 ||| FLEEEEING.
  1093 | D:2      | Identified the +4 hand axe "Wurroan" {heavy, Str+2 Int+3}
  1215 | D:2      | Found a burning altar of Makhleb.
  1331 | D:2      | Reached XP level 4. HP: 23/26 MP: 5/5
  1613 | D:2      | 1613 ||| UPGRADING to ring of willpower.
  1614 | D:2      | 1614 ||| READING scroll labelled LOMOSE SILUAR.
  1634 | D:2      | 1634 ||| READING scroll labelled ARAXYHIALO.
  1890 | D:3      | Identified the +4 dagger of Dried Tears {pain, Drain rPois
                  | rC++ Int-3}
  1983 | D:3      | Reached skill level 4 in Ranged Weapons
  2133 | D:3      | HP: 2/26 [orc wizard/magic dart (7)]
  2134 | D:3      | 2134 ||| READING 3 scrolls of teleportation.
  2312 | D:3      | Reached skill level 1 in Armour
  2330 | D:3      | 2330 ||| FLEEEEING.
  2331 | D:3      | 2331 ||| FLEEEEING.
  2332 | D:3      | 2332 ||| STAIRDANCE
  2381 | D:2      | 2381 ||| UPGRADING to +2 hat.
  2386 | D:2      | 2386 ||| UPGRADING to ring of protection from fire.
  2603 | D:4      | Reached XP level 5. HP: 18/30 MP: 6/6
  2652 | D:4      | Found a staircase to the Ecumenical Temple.
  2654 | D:4      | 2654 ||| PLANNING TEMPLE
  2662 | Temple   | Entered the Ecumenical Temple
  2772 | Temple   | 2772 ||| PLANNING OKAWARU WORSHIP
  3037 | Temple   | Became a worshipper of Warmaster Okawaru
  3038 | Temple   | 3038 ||| PLANNING D:1-11
  3211 | D:4      | Reached skill level 5 in Ranged Weapons
  3249 | D:4      | Reached XP level 6. HP: 36/36 MP: 7/7
  3433 | D:4      | Noticed Menkaure
  3447 | D:4      | Killed Menkaure
  3621 | D:4      | 3621 ||| READING scroll labelled KISOCW XOIZI.
  3622 | D:4      | 3622 ||| READING scroll labelled VAILAEHEUCW.
  3623 | D:4      | 3623 ||| READING scroll labelled UCVIUPUD EGOM.
  3624 | D:4      | 3624 ||| DRINKING 2 lumpy emerald potions.
  3624 | D:4      | Gained mutation: You passively map a small area around you.
                  | [potion of mutation]
  3624 | D:4      | Gained mutation: You are strong-willed. (Will+) [potion of
                  | mutation]
  3651 | D:5      | Entered Level 5 of the Dungeon
  3710 | D:5      | HP: 3/39 [ogre/+0 giant club (22)]
  3711 | D:5      | 3711 ||| READING 3 scrolls of teleportation.
  3713 | D:5      | Reached * piety under Okawaru
  3713 | D:5      | Shot with an arrow by a centaur

Levels and vault maps discovered:
D:1:      psy_arrival_terrarium, layout_basic, serial_shops, shop
D:2:      layout_loops_ring, basic_altar
D:3:      layout_basic
D:4:      layout_rooms, minmay_temple_entry_mini_moons, uniq_menkaure
D:5:      layout_loops_cross, uniq_sigmund
Temple:   mainiacjoe_temple_trianglar_array

Skill      XL: |  1  2  3  4  5  6 |
---------------+-------------------+-----
Ranged Weapons | 3 4 5 |  5.3
Fighting       | 2 4 |  4.3
Armour         | 1 |  1.8
Dodging        | |  1.5
Spellcasting   | |  1.0
Hexes          | |  2.6

Action                     |  1- 3 |  4- 6 || total
---------------------------+-------+-------++-------
   Fire: Sling             |    98 |   208 ||   306
    Use: Scroll            |     3 |     7 ||    10
         Potion            |     1 |     1 ||     2
 Armour: Robe              |     4 |       ||     4
         Ring mail         |    29 |    98 ||   127
  Dodge: Dodged            |    30 |    75 ||   105

Table legend:
 A = Non-vault XP
 B = Vault XP
 C = Vault XP percentage of total XP
 D = Non-vault monster count
 E = Vault monster count
 F = Vault count percentage of total count
                 A         B        C        D         E       F
            +---------+---------+-------+---------+---------+-------
      Total |     492 |     172 |  25.9 |      56 |       1 |   1.8
            +---------+---------+-------+---------+---------+-------
        D:1 |      18 |       0 |   0.0 |      10 |       0 |   0.0
        D:2 |      69 |       0 |   0.0 |      15 |       0 |   0.0
        D:3 |      52 |       0 |   0.0 |       9 |       0 |   0.0
        D:4 |     186 |     172 |  48.0 |      20 |       1 |   4.8
        D:5 |     167 |       0 |   0.0 |       2 |       0 |   0.0
            +---------+---------+-------+---------+---------+-------
